 Dungeon Crawl Stone Soup version 0.31.0-32-g396128a36d (webtiles) character file.

Game seed: 10068728822353292714

168 James the Vexing (level 5, -1/26 HPs)
             Began as a Felid Enchanter on Apr 17, 2024.
             Was an Initiate of Dithmenos.
             Slain by a white imp (3 damage)
             ... on level 7 of the Dungeon.
             The game lasted 00:15:06 (2657 turns).

James the Vexing (Felid Enchanter)                  Turns: 2657, Time: 00:15:06

Health: -1/26      AC:  1    Str:  4    XL:     5   Next: 23%
Magic:  9/9        EV: 18    Int: 26    God:    Dithmenos [......]
Gold:   221        SH:  0    Dex: 17    Spells: 1/9 levels left
                                        Lives:  0   Deaths: 2

rFire   . .          .
                       - Unarmed
rCold   . . .        (shield unavailable)
rNeg    . . .        (body armour unavailable)
rPois   .            (helmet unavailable)
rElec   .            (cloak unavailable)
rCorr   .            (gloves unavailable)
SInv    +            (boots unavailable)
Will    .....        (no amulet)
Stlth   +++          n - +6 ring of intelligence
HPRegen 0.24/turn    b - ring of wizardry
MPRegen 0.11/turn

%: wizardry (x1)
@: no status effects
A: very small, claws 1, fangs 3, see invisible, shaggy fur 1, stealthy paws, no
weapons or thrown items, no armour, multi-lived
a: Renounce Religion


You were on level 7 of the Dungeon.
You worshipped Dithmenos.
Dithmenos was noncommittal.
You visited 1 branch of the dungeon, and saw 5 of its levels.

You collected 221 gold pieces.

Inventory:

Jewellery
 b - a ring of wizardry (right paw)
   (You found it on level 4 of the Dungeon)
 n - a +6 ring of intelligence (left paw)
   (You found it on level 2 of the Dungeon)
 q - an amulet of faith {!P}
   (You found it on level 4 of the Dungeon)
Wands
 l - a wand of roots (4)
   (You found it on level 2 of the Dungeon)
Scrolls
 c - a scroll of noise {unknown}
 d - a scroll of fear {unknown}
 g - a scroll of enchant weapon {unknown}
 h - a scroll of teleportation {unknown}
 j - 2 scrolls of blinking
 k - 2 scrolls of amnesia {unknown}
Potions
 a - a potion of invisibility
 e - 3 potions of brilliance
 f - 3 potions of haste {@q3}
 i - 2 potions of curing {unknown}
 m - a potion of magic {unknown}
 o - 2 potions of might {unknown}
 p - a potion of degeneration {unknown}


   Skills:
 - Level 2.0 Fighting
 - Level 4.0 Dodging
 - Level 5.0 Stealth
 - Level 2.0 Unarmed Combat
 + Level 2.6 Spellcasting
 - Level 5.0 Hexes
 - Level 1.0 Ice Magic


You had one spell level left.
You knew the following spells:

 Your Spells              Type           Power      Damage    Failure   Level
a - Confusing Touch       Hex            29%        N/A       1%          3
d - Tukima's Dance        Hex            29%        N/A       1%          3
x - Ensorcelled Hibernat  Hex/Ice        38%        N/A       1%          2

Your spell library contained the following spells:

 Spells                   Type           Power      Damage    Failure   Level
 Dazzling Flash           Conj/Hex       32%        N/A       4%          3
 Iskenderun's Mystic Bla  Conj/Tloc      3%         2d3       36%         4
 Dimensional Bullseye     Hex/Tloc       Unusable   N/A       N/A         4

Dungeon Overview and Level Annotations

Branches:
Dungeon (4/15)
 Temple: D:4-7

Altars:
Cheibriados
Dithmenos
Makhleb
Nemelex Xobeh
Uskayaw
Zin

Shops:
D:4 (


Innate Abilities, Weirdness & Mutations

You have sharp claws.
You have razor-sharp teeth.
You have supernaturally acute eyesight. (SInv)
You are covered in fur. (AC +1)
Your paws help you pounce on unaware monsters.
You are incapable of wielding weapons or throwing items.
You cannot wear armour.
You gain extra lives every three experience levels.


Message History

A killer bee comes into view. x2
The ufetubus closely misses you. The ufetubus hits you.
You rejoin the land of the living...
The ufetubus barely misses you. The ufetubus completely misses you.
The ufetubus misses you. The ufetubus closely misses you.
You miss the ufetubus. The ufetubus closely misses you.
The ufetubus misses you.
You miss the ufetubus. The ufetubus slips past you!
The ufetubus completely misses you. The ufetubus closely misses you. x2
The ufetubus barely misses you. The ufetubus attacks as it pursues you!
The ufetubus completely misses you. The ufetubus hits you.
You miss the ufetubus.
You bite the ufetubus, but do no damage.
The ufetubus hits you. The ufetubus completely misses you.
The howler monkey hoots and howls with incredible vigour!
The ufetubus closely misses you. x2
You scratch the ufetubus. The ufetubus closely misses you.
The ufetubus hits you but does no damage.
The white imp misses you.
You scratch the white imp. The ufetubus hits you. x2
The white imp gestures at you. The puff of frost hits you.
The ufetubus misses you. The ufetubus hits you.
* * * LOW HITPOINT WARNING * * *
You scratch the white imp. The ufetubus completely misses you.
The ufetubus misses you. The white imp gestures at you.
The puff of frost hits you!
* * * LOW HITPOINT WARNING * * *
The howler monkey howls!
You scratch the white imp but do no damage.
The ufetubus completely misses you. The ufetubus closely misses you.
The white imp closely misses you.
The howler monkey hoots and howls with incredible vigour!
The ufetubus barely misses you. The ufetubus misses you.
You hear a shout!
You hear an angry buzzing noise.
You barely miss the white imp.
The ufetubus hits you but does no damage.
The ufetubus completely misses you. The white imp barely misses you.
You scratch the white imp but do no damage.
Your bite misses the white imp. The ufetubus hits you.
* * * LOW HITPOINT WARNING * * *
The ufetubus completely misses you. The white imp misses you.
You scratch the white imp but do no damage.
The ufetubus misses you. The ufetubus barely misses you.
The howler monkey hoots and howls with incredible vigour! x2
The ufetubus closely misses you. The ufetubus misses you.
The white imp puffs mist at you. The white imp hits you.
You die...

#. ....### #. #.....####
#.# ####........###
#.####..[..........######
#..h†oo##...............#
#.#######.....####.####.#
#.# ###.### #.#
#.#########o# #5#
#......5@5hh# #†#
#.#########.# #5# #.# .#
##5# #.# .# #hh# #.##
#y## #..# #.......# ##.#
#...yh..# #.# #..yy...#
#.# #....h....


You could see 2 howler monkeys, an orc priest, a white imp and an ufetubus.

Vanquished Creatures
  An ogre (D:4)
  An iguana (D:3)
  An adder (D:3)
  2 orcs
  4 bats
  4 endoplasms
  2 giant cockroaches
  5 goblins (D:1)
  5 hobgoblins
  2 jackals (D:3)
  4 kobolds
  2 quokkas
  6 ball pythons
  3 frilled lizards
  2 rats (D:1)
44 creatures vanquished.

Notes
Turn   | Place    | Note
-------+----------+-------------------------------------------
     0 | D:1      | James the Felid Enchanter began the quest for the Orb.
     0 | D:1      | Reached XP level 1. HP: 9/9 MP: 4/4
   105 | D:1      | Reached skill level 1 in Fighting
   332 | D:1      | Reached XP level 2. HP: 14/14 MP: 6/6
   336 | D:1      | Learned a level 2 spell: Ensorcelled Hibernation
   605 | D:1      | Reached skill level 1 in Ice Magic
   814 | D:2      | Reached XP level 3. HP: 18/18 MP: 7/7
  1125 | D:2      | Learned a level 3 spell: Confusing Touch
  1303 | D:3      | Found a faded altar of an unknown god.
  1496 | D:3      | Found a sparkling altar of Nemelex Xobeh.
  1514 | D:3      | Reached skill level 5 in Hexes
  1828 | D:3      | Found a glowing silver altar of Zin.
  1873 | D:3      | Found a burning altar of Makhleb.
  1873 | D:3      | Found a faded altar of an unknown god.
  1881 | D:3      | Found a snail-covered altar of Cheibriados.
  1883 | D:3      | Found a hide-covered altar of Uskayaw.
  1884 | D:3      | Found a shadowy altar of Dithmenos.
  1886 | D:3      | Reached XP level 4. HP: 23/23 MP: 8/8
  1886 | D:3      | Gained a life (2 lives remaining)
  1904 | D:3      | Became a worshipper of Dithmenos the Shadowed
  2023 | D:4      | Noticed an ogre
  2062 | D:4      | Noticed an ice beast
  2123 | D:4      | Found Arenn's Antique Weapon Emporium.
  2205 | D:4      | Killed an ogre
  2206 | D:4      | Reached skill level 5 in Stealth
  2206 | D:4      | Reached XP level 5. HP: 26/26 MP: 4/9
  2272 | D:3      | Learned a level 3 spell: Tukima's Dance
  2443 | D:4      | Identified the +9 quarterstaff of Mana {antimagic, rF+ rC-
                  | Will+ rCorr}
  2575 | D:4      | You fall into a shaft and drop 3 floors!
  2606 | D:7      | HP: 1/26 [howler monkey (2)]
  2607 | D:7      | Slain by a howler monkey
  2607 | D:7      | Lost a life (1 life remaining)
  2628 | D:7      | HP: 1/26 [white imp (3)]
  2628 | D:7      | Slain by a white imp
  2628 | D:7      | Lost a life (0 lives remaining)
  2657 | D:7      | Slain by a white imp

Illustrated notes

Levels and vault maps discovered:
D:1:      dpeg_arrival_connections, layout_basic, minmay_octomino_j4
D:2:      layout_basic, nicolae_figureground_pulse
D:3:      layout_rooms, mainiacjoe_overflow_brackets,
          chequers_temple_overflow_minitemple, mainiacjoe_overflow_24_doors,
          ebering_ecumenical_altar_mist, grunt_decor_junction
D:4:      layout_basic, serial_shops, shop_fountains
D:7:      layout_loops_ring, lemuel_round_altar

Skill      XL: |  1  2  3  4 |
---------------+-------------+-----
Fighting       | 1 2 |  2.0
Unarmed Combat | 2 |  2.0
Dodging        | 3 4 |  4.0
Ice Magic      | 1 |  1.0
Hexes          | 5 |  5.0
Stealth        | 5 |  5.0
Spellcasting   | |  2.6

Action                     |  1- 3 |  4- 6 || total
---------------------------+-------+-------++-------
  Melee: Unarmed           |   127 |    38 ||   165
         Bite              |     9 |     2 ||    11
         Punch             |     3 |       ||     3
   Cast: Ensorcelled Hiber |     2 |     2 ||     4
  Evoke: Wand              |     1 |       ||     1
    Use: Scroll            |       |     4 ||     4
         Potion            |       |     1 ||     1
   Stab: Sleeping          |    10 |     4 ||    14
         Distracted        |     2 |       ||     2
 Armour: Skin              |    28 |    27 ||    55
  Dodge: Dodged            |    92 |    73 ||   165
